 Dungeon Crawl Stone Soup version 0.16.1-4-g8e1b745 (webtiles) character file.

4 ventricule the Vexing (level 1, 0/13 HPs)
             Began as an Octopode Arcane Marksman on Mar 27, 2015.
             Slain by a giant gecko (1 damage)
             ... on level 1 of the Dungeon.
             The game lasted 00:00:34 (379 turns).

ventricule the Vexing (Octopode Arcane Marksman)     Turns: 379, Time: 00:00:34

Health: 0/13       AC:  1    Str: 10    XL:     1   Next: 60%
Magic:  1/2        EV: 12    Int: 15    God:
Gold:   22         SH:  0    Dex: 11    Spells: 1 memorised, 1 level left

rFire  . . .     SeeInvis .     (no weapon)
rCold  . . .     Clarity  .     (no shield)
rNeg   . . .     SustAb   .     (helmet restricted)
rPois  .         Gourm    .     (no amulet)
rElec  .         Spirit   .     (no ring)
rCorr  .         Warding  .     (no ring)
rMut   .         Stasis   .     (no ring)
MR     .....                    (no ring)
Stlth  ++........               (no ring)
                                (no ring)
                                (no ring)
                                (no ring)

@: not resistant to hostile enchantments, unstealthy
A: almost no armour, amphibious, 8 rings, constrict 8, camouflage 1, gelatinous
body 1
a: no special abilities


You were on level 1 of the Dungeon.
You were not hungry.

You visited 1 branch of the dungeon, and saw 1 of its levels.

You collected 22 gold pieces.

Inventory:

Hand weapons
 b - a +0 hunting sling
Missiles
 c - 20 sling bullets
Scrolls
 a - 2 scrolls of magic mapping {unknown}
Books
 d - a book of Debilitation

   Spells                             Type                      Level
   a - Corona                         Hexes                        1
   b - Slow                           Hexes                        2
   c - Inner Flame                    Hexes/Fire                   3
   d - Enslavement                    Hexes                        4
   e - Cause Fear                     Hexes                        4
   f - Leda's Liquefaction            Hexes/Earth                  4
Comestibles
 f - a bread ration


   Skills:
 - Level 1.0 Fighting
 + Level 2.4 Slings
 - Level 2.0 Dodging
 - Level 1.0 Spellcasting
 - Level 3.0 Hexes


You had one spell level left.
You knew the following spells:

 Your Spells              Type           Power        Failure   Level  Hunger
a - Corona                Hex            #......      10%         1    ##.....


Dungeon Overview and Level Annotations

Branches:
Dungeon (1/15)

Altars:


Innate Abilities, Weirdness & Mutations

You cannot wear most types of armour.
You are amphibious.
You can wear up to eight rings at the same time.
You can use your tentacles to constrict many enemies at once.
Your skin changes colour to match your surroundings (Stealth).
Your rubbery body absorbs attacks (AC +1).


Message History

The giant gecko barely misses you. x2
You miss the giant gecko. Your grab misses the giant gecko.
Your squeeze misses the giant gecko. The giant gecko bites you.
You closely miss the giant gecko. Your grab misses the giant gecko.
The giant gecko bites you.
You closely miss the giant gecko. Your grab misses the giant gecko.
Your squeeze misses the giant gecko. The giant gecko bites you.
You barely miss the giant gecko. Your grab misses the giant gecko.
You squeeze the giant gecko!
The giant gecko is almost dead.
The giant gecko closely misses you.
Casting: Corona
Confirm with . or Enter, or press ? or * to list all spells.
Aiming: Corona
Press: ? - help, Shift-Dir - straight line, f - giant gecko
Aim: a giant gecko (almost dead, chance 62%)
The giant gecko is outlined in light.
The giant gecko bites you.
* * * LOW HITPOINT WARNING * * *
The giant gecko bites you.
You die...

### #..... #?....# #.....#
#.....# #.>...# #.....# ##
#.l...# #. ########@....#
###. #............# #...
#>........########## #...
#...(.....# #......# #...
#.........# #......# #...
#.........# #......# #..)
#.........###......###...
###.........##.......'.....
#.....>.....##.......######


You could see a giant gecko.

Vanquished Creatures
  A bat (D:1)
  A hobgoblin (D:1)
  A giant newt (D:1)
  A rat (D:1)
4 creatures vanquished.

Notes
Turn   | Place    | Note
--------------------------------------------------------------
     0 | D:1      | ventricule, the Octopode Arcane Marksman, began the quest for the Orb.
     0 | D:1      | Reached XP level 1. HP: 13/13 MP: 2/2
     2 | D:1      | Noticed a spriggan
     4 | D:1      | Noticed a troll
     4 | D:1      | Noticed a felid
     6 | D:1      | Noticed a draconian
     6 | D:1      | Noticed a naga
     8 | D:1      | Noticed a demonspawn
     8 | D:1      | Noticed a ghoul
    10 | D:1      | Noticed a centaur
    12 | D:1      | Noticed a merfolk
    12 | D:1      | Noticed a vine stalker
    14 | D:1      | Noticed a formicid
    14 | D:1      | Noticed an octopode
    16 | D:1      | Noticed a dwarf
    16 | D:1      | Noticed a vampire
    18 | D:1      | Noticed a demigod
    18 | D:1      | Noticed a tengu
    20 | D:1      | Noticed a human
    22 | D:1      | Noticed an elf
    24 | D:1      | Noticed an ogre
    24 | D:1      | Noticed a gargoyle
    26 | D:1      | Noticed a minotaur
   379 | D:1      | Slain by a giant gecko

Action                   || total
-------------------------++-------
Melee: Unarmed           ||    24
 Fire: Hunting sling     ||     1
 Cast: Corona            ||     1
